 Dungeon Crawl Stone Soup version 0.28.0 (webtiles) character file.

Game seed: 6185600672669582964

11800 browni3141 the Blocker (level 11, -3/101 HPs)
             Began as a Minotaur Berserker on Feb 15, 2022.
             Was a High Priest of Trog.
             Killed by divine providence
             ... invoked by an orc priest
              (16 damage)
             ... on level 11 of the Dungeon.
             The game lasted 00:06:16 (11188 turns).

browni3141 the Blocker (Minotaur Berserker)        Turns: 11188, Time: 00:06:16

Health: -3/101     AC: 14    Str: 31    XL:     11   Next: 54%
Magic:  10/10      EV: 13    Int:  4    God:    Trog [*****.]
Gold:   630        SH: 18    Dex: 17    Spells: 10/10 levels left

rFire   . . .      SeeInvis .   G - +2 war axe (freeze)
rCold   . . .      Faith    .   r - +0 kite shield
rNeg    . . .      Spirit   .   M - +1 swamp dragon scales
rPois   +          Reflect  +   (helmet restricted)
rElec   .          Harm     .   j - +0 cloak
rCorr   .          Rampage  .   (no gloves)
Will    .....                   I - +0 pair of boots
Stlth   +.........              F - amulet of reflection
HPRegen 0.26/turn               e - +6 ring of strength
MPRegen 0.12/turn               t - +6 ring of dexterity

@: on berserk cooldown, slowed, very slow
A: horns 2, retaliatory headbutt
a: Renounce Religion, Berserk, Trog's Hand, Brothers in Arms


You were on level 11 of the Dungeon.
You worshipped Trog.
Trog was extremely pleased with you.
You visited 2 branches of the dungeon, and saw 12 of its levels.

You collected 690 gold pieces.
You spent 60 gold pieces at shops.

Inventory:

Hand Weapons
 a - a +0 hand axe
 m - a +2 vorpal hand axe
 G - a +2 war axe of freezing (weapon)
Missiles
 l - a throwing net (quivered)
 Q - a curare-tipped dart
Armour
 b - a +0 animal skin
 j - a +0 cloak (worn)
 n - a +2 pair of boots
 r - a +0 kite shield (worn)
 y - a +0 scale mail
 E - a +0 chain mail
 I - a +0 pair of boots (worn)
 J - a +0 plate armour
 M - +1 swamp dragon scales (worn)
Jewellery
 e - a +6 ring of strength (left hand)
 t - a +6 ring of dexterity (right hand)
 F - an amulet of reflection (around neck)
Wands
 z - a wand of acid (20)
 K - a wand of flame (27)
 L - a wand of digging (5)
 P - a wand of polymorph (2)
Scrolls
 c - 2 scrolls of vulnerability {unknown}
 d - 10 scrolls of identify {unknown}
 h - a scroll of torment {unknown}
 k - 3 scrolls of acquirement {unknown}
 p - a scroll of fear {unknown}
 u - 5 scrolls of teleportation {unknown}
 v - 7 scrolls of amnesia {unknown}
 x - 2 scrolls of blinking {unknown}
 A - 2 scrolls of fog {unknown}
 B - 3 scrolls of enchant weapon {unknown}
 H - a scroll of summoning {unknown}
 N - a scroll of enchant armour {unknown}
Potions
 f - 4 potions of curing {unknown}
 g - 2 potions of mutation {unknown}
 i - 2 potions of cancellation {unknown}
 o - 2 potions of flight {unknown}
 q - 3 potions of lignification {unknown}
 s - 4 potions of heal wounds
 w - a potion of ambrosia {unknown}
 C - a potion of brilliance {unknown}
 D - a potion of degeneration {unknown}
 O - a potion of berserk rage {unknown}


   Skills:
 + Level 10.9 Fighting
 + Level 10.9 Axes
 + Level 10.6 Armour
 - Level 5.5 Dodging
 * Level 12.0 Shields


You had 10 spell levels left.
You didn't know any spells.
Your spell library was empty.

Dungeon Overview and Level Annotations

Branches:
Dungeon (11/15)            Temple (1/1) D:4             Orc (0/2) D:11
   Lair: D:8-11

Altars:
Elyvilon
Fedhas
Nemelex Xobeh
Qazlal
Trog
Uskayaw
Wu Jian
Xom
Yredelemnul
Beogh

Shops:
D:4 :   D:9 !


Innate Abilities, Weirdness & Mutations

You have a pair of horns on your head.
You reflexively headbutt those who attack you in melee.


Message History

Trog accepts your kill.
You slice the orc!! You freeze the orc.
You kill the orc!
Trog accepts your kill.
You barely miss the orc.
You are no longer berserk.
You are exhausted.
You feel yourself slow down. You block the orc's attack.
The orc priest looks satisfied for a moment.
You hit the orc but do no damage. You headbutt the orc, but do no damage.
The orc priest mumbles some strange prayers to Beogh against the orc priest.
Beogh smites you! You block the orc's attack.
The orc priest invokes the aid of Beogh against the orc priest.
Beogh smites you!
* * * LOW HITPOINT WARNING * * *
The orc priest hits you with a +0 flail.
* * * LOW HITPOINT WARNING * * *
You block the orc's attack. x2; The orc hits you with a +0 war axe.
* * * LOW HITPOINT WARNING * * *
The orc priest hits you but does no damage.
There is an open door, spattered with blood here.
Items here: )))))))))))))) [[[[[ †††††††.
You are too injured to fight recklessly!
You slash the orc! You freeze the orc.
You kill the orc!
Trog accepts your kill.
You hit the orc. You freeze the orc.
You kill the orc!
Trog accepts your kill.
You hit the orc. You freeze the orc.
You kill the orc!
Trog accepts your kill.
You barely miss the orc priest.
The orc priest mumbles some strange prayers to Beogh against you.
Beogh smites you!
* * * LOW HITPOINT WARNING * * *
You block the orc priest's attack. The orc hits you but does no damage.
The orc priest mumbles some strange prayers to Beogh against you.
Beogh smites you!
You die...

######
..8..⌠..#....######
..#.....#....'...>.
#.#.....#....#....#
#.#8._.>#....#....#
#.#.....#....#.†)..
#.#..)..#....#.)...
##)8o.⌠..######.....
#.)@oo...# #...)#
#.)8)....# #####.#
#..#.....# #...^.#
#..###########.#....
#.....##.......)....
#.....####.....#....
##..#####'##
#.....#.#..
..........#
#.....###..
.#.[.###..# #####.#
#..


You could see 2 orc priests and an orc.

Vanquished Creatures
  2 hydras
  3 two-headed ogres
  Pikel (D:4)
  Maggie (D:9)
  The ghost of WindUpCitrus the Magician, a novice DEFE of Hepliaklqana (D:5)
  2 hornets (D:10)
  2 trolls (D:11)
  Sigmund (D:4)
  A shadow (D:10)
  3 yaks (D:10)
  2 wraiths
  4 vampire mosquitoes (D:11)
  A steam dragon (D:8)
  An acid dragon (D:10)
  A water moccasin (D:7)
  2 ice beasts
  5 sky beasts
  A black bear (D:6)
  A hornet zombie (D:7)
  7 orc warriors
  2 necrophages
  2 ogres (D:4)
  A lemure (D:4)
  3 centaurs
  5 kobold brigands
  3 bullfrogs
  2 scorpions
  3 gnoll sergeants
  A water moccasin zombie (D:7)
  4 killer bees (D:10)
  A water moccasin skeleton (D:4)
  9 wights
  3 howler monkeys
  2 bullfrog zombies
  A centaur zombie (D:5)
  A jelly (D:5)
  2 bullfrog skeletons
  2 gnoll shamans (D:7)
  7 orc priests
  5 hounds
  3 centaur skeletons
  2 iguanas
  Terence (D:2)
  A scorpion zombie (D:3)
  Natasha (D:3)
  7 orc wizards
  2 hound skeletons (D:4)
  A howler monkey zombie (D:7)
  9 adders
  37 gnolls
  2 shadow imps
  A white imp (D:5)
  4 worms
  3 dart slugs
  53 orcs
  6 endoplasms
  4 giant cockroaches
  5 goblins
  6 hobgoblins
  5 jackals
  36 kobolds
  6 ball pythons
  10 bats
  4 frilled lizards
  11 rats
  A butterfly (D:4)
322 creatures vanquished.

Vanquished Creatures (others)
  2 kobolds
  A fungus (D:5)
3 creatures vanquished.

Grand Total: 325 creatures vanquished

Notes
Turn   | Place    | Note
-------+----------+-------------------------------------------
     0 | D:1      | browni3141 the Minotaur Berserker began the quest for the
                  | Orb.
     0 | D:1      | Reached XP level 1. HP: 19/19 MP: 0/0
   368 | D:1      | Reached XP level 2. HP: 27/27 MP: 1/1
   501 | D:1      | Found a faded altar of an unknown god.
   794 | D:1      | Reached ** piety under Trog
  1168 | D:1      | Reached XP level 3. HP: 33/33 MP: 2/2
  1396 | D:2      | Noticed Terence
  1409 | D:2      | Killed Terence
  1410 | D:2      | Reached XP level 4. HP: 23/41 MP: 3/3
  1965 | D:2      | Found a sparkling altar of Nemelex Xobeh.
  2168 | D:2      | You fall into a shaft and drop 2 floors!
  2168 | D:4      | Noticed an ogre
  2168 | D:4      | Noticed a sky beast
  2171 | D:4      | Killed an ogre
  2172 | D:4      | Reached XP level 5. HP: 47/47 MP: 4/4
  2178 | D:4      | Killed a sky beast
  2179 | D:4      | Reached skill level 5 in Fighting
  2179 | D:4      | Reached skill level 5 in Axes
  2179 | D:4      | Reached XP level 6. HP: 52/56 MP: 5/5
  2302 | D:4      | Found a shimmering altar of Xom.
  2440 | D:4      | Found a staircase to the Ecumenical Temple.
  2482 | D:4      | Found Imnikhoh's Book Shop.
  2707 | D:3      | Reached *** piety under Trog
  2708 | D:3      | Reached XP level 7. HP: 16/62 MP: 6/6
  2970 | D:3      | Reached skill level 5 in Armour
  3593 | D:3      | Noticed Natasha
  3596 | D:3      | Killed Natasha
  3954 | D:4      | Noticed Sigmund
  3962 | D:4      | Killed Sigmund
  3963 | D:4      | Reached skill level 5 in Dodging
  4203 | D:4      | Reached XP level 8. HP: 61/71 MP: 7/7
  4515 | D:4      | Noticed Pikel
  4523 | D:4      | Killed Pikel
  4524 | D:4      | Reached skill level 3 in Shields
  4917 | Temple   | Entered the Ecumenical Temple
  4962 | D:5      | Entered Level 5 of the Dungeon
  4989 | D:4      | Reached skill level 4 in Shields
  5019 | D:5      | Reached **** piety under Trog
  5270 | D:5      | Reached skill level 5 in Shields
  5411 | D:5      | Found a blossoming altar of Fedhas.
  5423 | D:5      | Reached XP level 9. HP: 59/80 MP: 8/8
  5579 | D:5      | Found a runed translucent gate.
  5580 | D:5      | Found a runed translucent gate.
  5581 | D:5      | Found a runed translucent gate.
  5582 | D:5      | Noticed WindUpCitrus's ghost (novice DEFE)
  5596 | D:5      | Killed WindUpCitrus's ghost
  5811 | D:5      | Noticed a moth of wrath
  5815 | D:5      | Found a bloodstained altar of Trog.
  5823 | D:5      | Reached skill level 6 in Shields
  6098 | D:6      | Reached ***** piety under Trog
  6303 | D:6      | Reached skill level 7 in Shields
  6324 | D:6      | Found an ornate altar of the Wu Jian Council.
  6324 | D:6      | Found a stormy altar of Qazlal.
  7104 | D:7      | Reached skill level 8 in Shields
  7147 | D:7      | Reached XP level 10. HP: 91/91 MP: 9/9
  8231 | D:8      | Reached skill level 9 in Shields
  8888 | D:9      | Found Ryghoine's Distillery.
  8893 | D:9      | Bought a potion of heal wounds for 60 gold pieces
  8897 | D:9      | Noticed a two-headed ogre
  8906 | D:9      | Killed a two-headed ogre
  9273 | D:9      | Noticed Maggie
  9285 | D:9      | Killed Maggie
  9725 | D:10     | Entered Level 10 of the Dungeon
  9737 | D:10     | Noticed a two-headed ogre
  9744 | D:10     | Killed a two-headed ogre
  9745 | D:10     | Reached skill level 10 in Shields
  9778 | D:10     | Found a hide-covered altar of Uskayaw.
  9834 | D:10     | Reached skill level 10 in Fighting
  9834 | D:10     | Reached skill level 10 in Axes
 10153 | D:10     | Noticed a six-headed hydra
 10163 | D:10     | Killed a 12-headed hydra
 10164 | D:10     | Reached XP level 11. HP: 74/100 MP: 10/10
 10377 | D:10     | Noticed a two-headed ogre
 10381 | D:10     | Killed a two-headed ogre
 10382 | D:10     | Reached skill level 10 in Armour
 10382 | D:10     | Reached skill level 11 in Shields
 10945 | D:11     | Noticed an eight-headed hydra
 10951 | D:11     | Killed a ten-headed hydra
 11153 | D:11     | Found a staircase to the Orcish Mines.
 11173 | D:11     | Reached skill level 12 in Shields
 11175 | D:11     | Received a gift from Trog
 11188 | D:11     | Killed from afar by an orc priest

Illustrated notes

Levels and vault maps discovered:
D:1:      tarquinn_simple_flora_water_a, layout_loops_ring,
          dreamdust_ecumenical_altar_angels_and_demons
D:2:      layout_rooms, basic_altar, serial_rivers,
          chequers_serial_rivers_room_a, chequers_serial_rivers_micro_d,
          chequers_serial_rivers_large_b, chequers_serial_rivers_small_3,
          uniq_terence
D:3:      layout_rooms, minmay_fractal_squares_diagonal_5, uniq_natasha
D:4:      layout_loops_ring, xom_butterflies, minmay_temple_entry_large_hall,
          serial_shops, nicolae_shop_hallway_stairs, lightli_minifort,
          uniq_sigmund, uniq_pikel
D:5:      layout_loops_ring, tgw_trog, mainiacjoe_overflow_catwalk,
          gammafunk_ghost_nasty_kobolds, serial_bayou_pond_d,
          grunt_decor_arrowhead, grunt_decor_fettered, kennysheep_generic_room_2
D:6:      layout_cave_pools, mainiacjoe_overflow_divided_tiny, minivault_4
D:7:      layout_layer_cave
D:8:      layout_rooms
D:9:      layout_rooms, serial_shops, nicolae_shop_trees,
          chequers_serial_rivers_marsh, uniq_maggie
D:10:     kennysheep_six_static_rooms, layout_basic,
          mainiacjoe_overflow_24_doors
D:11:     layout_basic, lair_entry_dummy, david_orc_5,
          nicolae_trove_entry_path_of_doom
Temple:   nicolae_temple_elliptical

Skill      XL: |  1  2  3  4  5  6  7  8  9 10 11 |
---------------+----------------------------------+-----
Fighting       | 4 5 6 7 9 10 | 10.9
Axes           | 4 5 6 7 8 10 | 10.9
Armour         | 3 4 6 7 8 9 10 | 10.6
Dodging        | 3 4 5 |  5.5
Shields        | 5 8 10 12 | 12.0

Action                   |  1- 3 |  4- 6 |  7- 9 | 10-12 || total
-------------------------+-------+-------+-------+-------++-------
Melee: Hand axe          |    77 |    92 |   255 |    39 ||   463
       Headbutt          |     9 |     8 |    56 |    39 ||   112
       War axe           |       |       |       |   201 ||   201
Invok: Berserk           |     1 |     1 |     9 |     7 ||    18
Armor: Animal skin       |    25 |    14 |    25 |       ||    64
       Scale mail        |       |       |    33 |       ||    33
       Chain mail        |       |       |    12 |    31 ||    43
       Swamp dragon scal |       |       |       |    42 ||    42
       Plate armour      |       |       |       |     4 ||     4
Dodge: Dodged            |    69 |    56 |   143 |    76 ||   344
Block: Kite shield       |       |       |    93 |   198 ||   291
       Reflection        |       |       |       |    19 ||    19
